 Dungeon Crawl Stone Soup version 0.24.1 (webtiles) character file.

Game seed: 7324970805445638853, levelgen mode: deterministic

299353 wanjeonhan the Severer (level 22, -2/187 HPs)
             Began as a Formicid Hunter on Mar 27, 2020.
             Was the Champion of Fedhas.
             Killed by the air
             ... invoked by a wind drake (shapeshifter)
              (15 damage)
             ... on level 4 of the Vaults on Mar 28, 2020.
             The game lasted 03:12:31 (60907 turns).

wanjeonhan the Severer (Formicid Hunter)           Turns: 60907, Time: 03:12:34

Health: -2/187     AC: 28    Str: 33    XL:     22   Next: 29%
Magic:  33/33      EV: 15    Int: 15    God:    Fedhas [******]
Gold:   1945       SH: 15    Dex: 22    Spells: 22/29 levels left

rFire    . . .     SeeInvis +   a - +6 battleaxe (freeze)
rCold    + . .     Gourm    .   A - +4 buckler "Kareum" {*Contam Dex+10 Slay+2 Stlth-}
rNeg     + . .     Faith    .   b - +3 plate armour {rN+}
rPois    +         Spirit   .   (helmet unavailable)
rElec    .         Reflect  +   s - +1 cloak
rCorr    .         Harm     .   n - +2 pair of gloves {Dex+3}
MR       ++...                  I - +2 pair of boots "Vuxon" {rPois Int+2}
Stlth    ..........             o - +4 amulet of reflection
HPRegen  0.41/turn              m - +6 ring of strength
MPRegen  0.23/turn              F - ring of protection from cold

@: no status effects
A: permanent stasis, dig shafts and tunnels, four strong arms, antennae 3, claws
1, rugged brown scales 1, clumsy 1, deformed body, screaming 2, strong 1
}: 1/15 runes: gossamer
a: Dig, Shaft Self, Wall of Briars, Grow Ballistomycete, Overgrow, Grow Oklob,
Renounce Religion


You were on level 4 of the Vaults.
You worshipped Fedhas.
Fedhas was exalted by your worship.
You were not hungry.

You visited 5 branches of the dungeon, and saw 31 of its levels.

You collected 3473 gold pieces.
You spent 1528 gold pieces at shops.

Inventory:

Hand Weapons
 a - a +6 battleaxe of freezing (weapon)
 y - a +3 war axe of flaming
Missiles
 h - 6 javelins
 w - 2 throwing nets
 B - 10 atropa-tipped darts
 N - 64 poisoned darts
 P - 29 boomerangs (quivered)
 Z - 6 silver javelins
Armour
 b - a +3 plate armour of positive energy (worn)
 n - a +2 pair of gloves of dexterity (worn)
 s - a +1 cloak (worn)
 v - the +3 shield of Uqieramn {Int+4 Dex+4}
   (You bought it in a shop on level 2 of the Orcish Mines)

   It affects your intelligence (+4).
   It affects your dexterity (+4).
 A - the +4 buckler "Kareum" (worn) {*Contam Dex+10 Slay+2 Stlth-}
   (You bought it in a shop on level 2 of the Orcish Mines)

   It affects your dexterity (+10).
   It affects your accuracy and damage with ranged weapons and melee attacks
   (+2).
   It causes magical contamination when unequipped.
   It makes you less stealthy.
 E - +0 storm dragon scales
 I - the +2 pair of boots "Vuxon" (worn) {rPois Int+2}
   (You found it on level 1 of the Vaults)

   It affects your intelligence (+2).
   It protects you from poison.
 Q - a +2 plate armour of fire resistance
Jewellery
 j - a +5 ring of evasion
 m - a +6 ring of strength (left hand)
 o - a +4 amulet of reflection (around neck)
 x - an uncursed ring of fire
 F - a ring of protection from cold (right hand)
 H - an uncursed ring of protection from magic
 J - an uncursed ring of flight
Wands
 g - a wand of enslavement (14)
 K - a wand of acid (15)
 M - a wand of iceblast (40)
 R - a wand of digging (6)
 S - a wand of flame (20)
 W - a wand of paralysis (17)
Scrolls
 c - 8 scrolls of identify
 d - 2 scrolls of summoning
 e - a scroll of amnesia
 p - 10 scrolls of remove curse
 q - 6 scrolls of fog
 t - 2 scrolls of magic mapping
 G - 3 scrolls of holy word
 V - 2 scrolls of fear
Potions
 i - 6 potions of ambrosia
 k - 3 potions of agility
 l - 3 potions of resistance
 r - 2 potions of invisibility
 u - 3 potions of flight
 z - 5 potions of curing
 C - a potion of cancellation
 O - 2 potions of brilliance
 X - a potion of might
 Y - a potion of magic
Miscellaneous
 D - a phantom mirror
Comestibles
 f - 41 rations
 L - 8 chunks of flesh


   Skills:
 + Level 17.2 Fighting
   Level 0.2 Short Blades
 * Level 18.8 Axes
   Level 5.0 Crossbows
 * Level 11.3 Throwing
 - Level 18.7 Armour
 - Level 7.5 Dodging
 - Level 1.2 Stealth
 - Level 9.3 Shields
 - Level 4.0 Spellcasting
 - Level 4.6 Charms
 - Level 3.8 Air Magic
 - Level 15.3 Invocations
 + Level 0.7 Evocations


You had 22 spell levels left.
You knew the following spells:

 Your Spells              Type           Power        Failure   Level  Hunger
a - Passwall              Tmut/Erth      #.......     71%         2    ##.....
b - Regeneration          Chrm/Necr      #.........   63%         3    ###....
c - Swiftness             Chrm/Air       ###.....     19%         2    ##.....

Your spell library contained the following spells:

 Spells                   Type           Power        Failure   Level  Hunger
 Shock                    Conj/Air       #...         30%         1    None
 Animate Skeleton         Necr           N/A          56%         1    None
 Beastly Appendage        Tmut           #.....       56%         1    None
 Corona                   Hex            #......      56%         1    None
 Freeze                   Ice            #...         56%         1    None
 Magic Dart               Conj           #...         56%         1    None
 Pain                     Necr           #...         56%         1    None
 Ozocubu's Armour         Chrm/Ice       #.......     63%         3    ###....
 Static Discharge         Conj/Air       #.......     67%         3    ###....
 Call Imp                 Summ           #.......     71%         2    ##.....
 Ensorcelled Hibernation  Hex/Ice        #.....       71%         2    ##.....
 Searing Ray              Conj           #.....       71%         2    ##.....
 Slow                     Hex            #.......     71%         2    ##.....
 Sticks to Snakes         Tmut           #.......     71%         2    ##.....
 Throw Frost              Conj/Ice       #.....       71%         2    ##.....
 Mephitic Cloud           Conj/Pois/Air  #.......     77%         3    ###....
 Airstrike                Air            ##........   80%         4    ####...
 Confuse                  Hex            #.......     90%         3    ###....
 Conjure Flame            Conj/Fire      #.......     90%         3    ###....
 Dazzling Spray           Conj/Hex       #.....       90%         3    ###....
 Spider Form              Tmut/Pois      #.........   90%         3    ###....
 Tukima's Dance           Hex            #.......     90%         3    ###....
 Vampiric Draining        Necr           #.........   90%         3    ###....
 Animate Dead             Necr           N/A          100%        4    ####...
 Force Lance              Conj/Tloc      #.......     100%        4    ####...
 Fulminant Prism          Conj/Hex       #.........   100%        4    ####...
 Ice Form                 Ice/Tmut       #.......     100%        4    ####...
 Iskenderun's Mystic Bla  Conj           #.......     100%        4    ####...
 Passage of Golubria      Tloc           N/A          100%        4    ####...
 Summon Ice Beast         Ice/Summ       #.......     100%        4    ####...
 Throw Icicle             Conj/Ice       #.......     100%        4    ####...
 Blade Hands              Tmut           #.........   100%        5    ######.
 Borgnjor's Vile Clutch   Necr/Erth      #.........   100%        5    ######.
 Irradiate                Conj/Tmut      #.........   100%        5    ######.
 Lee's Rapid Deconstruct  Erth           #.........   100%        5    ######.
 Lightning Bolt           Conj/Air       #.........   100%        5    ######.
 Silence                  Hex/Air        #.........   100%        5    ######.
 Darkness                 Hex            #.........   100%        6    #######
 Hydra Form               Tmut           #.........   100%        6    #######
 Invisibility             Hex            #.......     100%        6    #######
 Shadow Creatures         Summ           N/A          100%        6    #######
 Statue Form              Tmut/Erth      #........    100%        6    #######
 Dragon Form              Tmut           #.........   100%        7    #######
 Malign Gateway           Summ/Tloc      #.........   100%        7    #######
 Monstrous Menagerie      Summ           #.........   100%        7    #######
 Summon Greater Demon     Summ           #.........   100%        7    #######
 Summon Horrible Things   Summ           #.........   100%        8    #######
 Blink                    Tloc           Unusable     N/A         2    N/A

Dungeon Overview and Level Annotations

Branches:
Dungeon (15/15)            Temple (0/1) D:4            Lair (6/6) D:8
  Swamp (0/4) Lair:2       Spider (4/4) Lair:3        Slime (0/5) Lair:6
    Orc (2/2) D:10            Elf (0/3) Orc:2        Vaults (4/5) D:14
  Crypt (0/3) Vaults:3     Depths (0/5) D:15

Altars:
Elyvilon
Fedhas
Gozag
Makhleb
Nemelex Xobeh
Okawaru
Qazlal
Ru
Uskayaw
Zin
Beogh

Shops:
D:9 !   D:12 *   Orc:2 **[?

Portals:
Hell: Lair:6
Trove: D:10 (give +8 demon whip)

Annotations:
D:5 exclusion: downstairs
D:7 exclusion: downstairs
D:8 exclusion: downstairs
D:13 exclusion: downstairs
Spider:2 exclusion: downstairs


Innate Abilities, Weirdness & Mutations

You cannot be hasted, slowed, berserked, paralysed or teleported.
You can dig through walls and to a lower floor.
Your four strong arms can wield two-handed weapons with a shield.
You have a pair of large antennae on your head. (SInv)
You have sharp fingernails.
You are partially covered in rugged brown scales. (AC +1, +3% HP)
You are clumsy. (Dex -2)
Armour fits poorly on your strangely shaped body.
You sometimes yell uncontrollably at your foes.
Your muscles are strong. (Str +2)


Message History

An ironbrand convoker zombie comes into view.
You yell at the ironbrand convoker zombie!
The wind drake flaps its wings at you. The air twists around and strikes you!
You hear a shout!
You hit the ogre mage. You freeze the ogre mage.
The ogre mage is lightly wounded.
The ogre mage casts a spell at you. The crystal spear hits you!!!
* * * LOW HITPOINT WARNING * * *
You slash the ogre mage! You freeze the ogre mage.
The ogre mage is moderately wounded.
The ogre mage completely misses you.
You dice the ogre mage like an onion!!! You freeze the ogre mage.
You kill the ogre mage!
Fedhas accepts your kill. The wind drake flaps its wings at you.
The air twists around and strikes you!
You die...
Fedhas appreciates your contribution to the ecosystem.

#.....#.....#.....######
#...#####...#.)...#
#.[.# #...#.....######
#.### ###.#...........
#...# #...#...........
#...#####...#...........
#.....#.....#...........
#.....#.....#...........
#....k)@....############
#####Z####### ##### #
#.{# #..# #...### #..#
#..# #....#. #..# #..#
#....## #..# ..# #....##
.{.# { #...... .....
##..... ####... #.....


You could see a wind drake and an ironbrand convoker zombie.

Vanquished Creatures
  An ancient lich (Vaults:4)
  Arachne (Spider:4)
  A large abomination (Vaults:3)
  Jorgrun (D:12)
  The ghost of cheonsa the Severer, an adept HOFi of Fedhas (Vaults:1)
  A quicksilver dragon (Vaults:3)
  2 sphinxes
  Kirke (Spider:1)
  2 storm dragons (Vaults:4)
  A revenant (Vaults:1)
  3 fire giants
  2 frost giants (Vaults:4)
  3 ghost moths
  2 orc warlords
  13 vault wardens
  A deep elf sorcerer (Vaults:2)
  A ghost moth (shapeshifter) (D:12)
  6 emperor scorpions
  11 ironheart preservers
  The ghost of Potutehi the Blocker, a journeyman DDFi of Makhleb (Orc:1)
  A war gargoyle (Vaults:3)
  7 entropy weavers
  A ghoul (Vaults:3)
  4 very ugly things (Vaults:3)
  A vampire knight (Vaults:3)
  6 stone giants
  A dire elephant (Lair:5)
  2 deep elf demonologists (Vaults:2)
  2 spark wasps
  3 deep elf death magi
  2 eidola (Vaults:1)
  2 ettins
  2 fire dragons (Vaults:2)
  A great orb of eyes (Vaults:1)
  6 yaktaur captains
  Fannar (D:11)
  7 vault guards
  A rakshasa (Vaults:2)
  6 hydras
  2 ice dragons
  3 death knights
  11 ogre magi
  13 centaur warriors
  32 two-headed ogres
  7 deep troll shamans
  4 death yaks
  2 tengu warriors (D:14)
  5 deep troll earth magi
  A queen ant (Spider:4)
  The ghost of Jabu the Nimble, a novice DsFi (D:9)
  3 orc high priests (Orc:1)
  A sun demon (Lair:6)
  Nergalle (D:11)
  6 deep elf knights
  2 skeletal warriors (D:15)
  2 shadow wraiths (Vaults:1)
  14 deep trolls
  5 unseen horrors
  2 flayed ghosts
  2 wizards
  9 ironbrand convokers
  3 necromancers
  A shadow dragon zombie (D:15)
  5 harpies
  10 orc knights
  A lindwurm (Lair:5)
  5 deep elf archers
  Pikel (D:8)
  9 orc sorcerers
  2 phantasmal warriors
  8 deep elf magi
  A shining eye (shapeshifter) (Vaults:4)
  27 orb spiders
  7 manticores
  32 ugly things
  25 wolf spiders
  An orb spider (shapeshifter) (Vaults:3)
  4 cyclopes
  A moth of wrath (Spider:3)
  16 elephants
  A black mamba (shapeshifter) (Vaults:4)
  10 vault sentinels
  Maurice (D:8)
  A frost giant skeleton (D:15)
  2 centaur zombies
  4 black mambas
  An orange demon (Lair:6)
  14 spiny frogs
  A gargoyle (D:14)
  2 torpor snails
  32 yaktaurs
  12 demonic crawlers
  5 rime drakes
  14 komodo dragons
  A hellwing (Lair:6)
  3 ice devils
  10 freezing wraiths
  2 tengu conjurers
  A red devil (Lair:6)
  2 trolls
  35 jumping spiders
  6 polar bears
  15 hornets
  3 meliai (Lair:4)
  A queen bee (Lair:4)
  A merfolk (D:10)
  A wolf spider simulacrum (D:14)
  2 tyrant leeches (Lair:2)
  15 blink frogs
  18 slime creatures
  Prince Ribbit (D:8)
  A dream sheep (Lair:6)
  12 hippogriffs
  A redback (shapeshifter) (Vaults:4)
  107 redbacks
  A fire dragon skeleton (D:15)
  An orc simulacrum (Vaults:1)
  An ice dragon skeleton (D:15)
  40 tarantellas
  8 wyverns
  5 shadows
  7 wraiths
  A spriggan (Lair:5)
  A wyvern (shapeshifter) (Vaults:2)
  A human (shapeshifter) (Vaults:1)
  2 basilisks
  15 yaks
  2 fire elementals (Lair:4)
  2 hogs (Spider:1)
  3 steam dragons
  A hungry ghost (D:11)
  5 vampire mosquitoes
  Menkaure (D:7)
  21 soldier ants
  A naga (shapeshifter) (D:13)
  3 wargs
  2 swamp worms (Lair:2)
  11 water moccasins
  5 hell hounds (Lair:6)
  8 porcupines
  33 orc warriors
  4 sky beasts
  2 black bears
  3 slaves (D:8)
  An ettin simulacrum (Vaults:4)
  37 ogres
  4 ice beasts
  19 wolves
  2 necrophages
  11 boggarts
  18 centaurs
  An elf simulacrum (Vaults:1)
  11 crocodiles
  14 bullfrogs
  A big kobold (D:11)
  A glowing shapeshifter simulacrum (Vaults:1)
  A wyvern skeleton (D:10)
  5 scorpions
  A water moccasin skeleton (D:4)
  40 killer bees
  12 wights
  2 electric eels
  A howler monkey (D:6)
  10 crimson imps
  2 bullfrog zombies (D:12)
  3 quasits
  7 hounds
  3 bullfrog skeletons
  5 jellies
  2 centaur skeletons
  22 orc priests
  26 orc wizards
  A water moccasin simulacrum (D:9)
  4 iguanas
  3 hell rats
  27 worker ants
  A centaur simulacrum (D:9)
  A hound zombie (D:5)
  A hound skeleton (D:9)
  A killer bee simulacrum (D:9)
  7 gnolls
  15 adders
  3 river rats
  A white imp (D:9)
  A worker ant simulacrum (D:9)
  An ufetubus (Vaults:1)
  An ooze (D:2)
  2 adder skeletons
  3 worms
  2 dart slugs
  7 leopard geckos
  86 orcs
  6 bats
  12 giant cockroaches
  7 goblins
  7 hobgoblins
  17 jackals
  7 kobolds
  5 quokkas
  A ball python (D:1)
  7 frilled lizards
  A giant cockroach zombie (D:6)
  A jackal zombie (D:9)
  11 rats
  6 ballistomycete spores
1444 creatures vanquished.

Vanquished Creatures (collateral kills)
  An ironheart preserver (Vaults:3)
  A small abomination (Vaults:3)
  A shadow wraith (Vaults:1)
  2 ugly things
  2 slime creatures (D:14)
  232 ballistomycete spores
239 creatures vanquished.

Vanquished Creatures (others)
  2 yaktaur captains (Vaults:4)
  A centaur warrior (Vaults:4)
  A deep elf archer (Vaults:2)
  A yaktaur (Vaults:1)
  A tarantella (Spider:4)
  A redback (Spider:4)
  2 humans (Spider:1)
  An orc warrior (Orc:2)
  2 centaurs
  A worker ant (D:11)
  17 ballistomycete spores
  58 fungi
  27 plants
  8 withered plants (D:15)
123 creatures vanquished.

Grand Total: 1806 creatures vanquished

Notes
Turn   | Place    | Note
-------+----------+-------------------------------------------
     0 | D:1      | wanjeonhan the Formicid Hunter began the quest for the Orb.
     0 | D:1      | Reached XP level 1. HP: 16/16 MP: 1/1
   509 | D:1      | Reached XP level 2. HP: 19/22 MP: 2/2
  1144 | D:1      | Reached XP level 3. HP: 25/28 MP: 3/3
  1321 | D:2      | Reached skill level 1 in Armour
  1447 | D:2      | Reached XP level 4. HP: 23/34 MP: 4/4
  2530 | D:2      | Found a sparkling altar of Nemelex Xobeh.
  2645 | D:2      | Reached XP level 5. HP: 39/39 MP: 5/5
  2968 | D:2      | Reached skill level 1 in Throwing
  3311 | D:3      | Reached skill level 5 in Crossbows
  3621 | D:3      | Found a blossoming altar of Fedhas.
  3830 | D:3      | Became a worshipper of Fedhas Madash
  3897 | D:3      | Reached XP level 6. HP: 46/46 MP: 6/6
  4022 | D:4      | Found a white marble altar of Elyvilon.
  4039 | D:4      | Reached skill level 1 in Axes
  4595 | D:4      | Reached XP level 7. HP: 39/52 MP: 7/7
  4857 | D:4      | Found a sacrificial altar of Ru.
  4968 | D:4      | Found a staircase to the Ecumenical Temple.
  5016 | D:5      | Entered Level 5 of the Dungeon
  5489 | D:5      | Reached skill level 5 in Armour
  5489 | D:5      | Reached XP level 8. HP: 60/60 MP: 8/8
  5731 | D:5      | Reached * piety under Fedhas
  5948 | D:5      | Reached skill level 5 in Axes
  6030 | D:5      | Gained mutation: Your mind is acute. (Int +2) [potion of
                  | mutation]
  6030 | D:5      | Gained mutation: Your body sometimes deteriorates upon
                  | taking damage. [potion of mutation]
  6030 | D:5      | Gained mutation: You expend magic power (3 MP) to
                  | strengthen your wands. [potion of mutation]
  6854 | D:6      | Reached XP level 9. HP: 66/66 MP: 9/9
  8159 | D:7      | Reached skill level 5 in Fighting
  8482 | D:7      | Reached ** piety under Fedhas
  8779 | D:7      | Noticed Menkaure
  8792 | D:7      | Killed Menkaure
  9130 | D:8      | Noticed a death yak
  9147 | D:8      | Killed a death yak
  9427 | D:8      | Found a staircase to the Lair.
  9427 | D:8      | Noticed a death yak
  9435 | D:8      | Noticed a death yak
  9460 | D:7      | Killed a death yak
  9460 | D:7      | Reached XP level 10. HP: 16/76 MP: 10/10
  9833 | D:8      | Noticed Maurice
  9834 | D:8      | Noticed Prince Ribbit
  9837 | D:8      | Noticed Pikel
  9857 | D:8      | Killed Maurice
  9858 | D:8      | Killed Prince Ribbit
  9921 | D:8      | Killed Pikel
  9976 | D:8      | Found a burning altar of Makhleb.
 10579 | D:9      | HP: 3/76 [polar bear (18)]
 10582 | D:9      | Reached skill level 10 in Axes
 11170 | D:9      | Reached skill level 1 in Invocations
 11206 | D:9      | Found a runed translucent gate.
 11209 | D:9      | Found a runed translucent gate.
 11209 | D:9      | Found an opulent altar of Gozag.
 11210 | D:9      | Found a runed translucent gate.
 11212 | D:9      | Noticed Jabu's ghost (novice DsFi)
 11212 | D:9      | Noticed a centaur warrior
 11254 | D:9      | Reached skill level 10 in Armour
 11364 | D:9      | Reached *** piety under Fedhas
 11370 | D:9      | Found Xocabiet's Distillery.
 11376 | D:9      | Bought a potion of mutation for 104 gold pieces
 11409 | D:9      | Lost mutation: Your mind is acute. (Int +2) [potion of
                  | mutation]
 11409 | D:9      | Lost mutation: You expend magic power (3 MP) to strengthen
                  | your wands. [potion of mutation]
 11409 | D:9      | Gained mutation: You are frail. (-10% HP) [potion of
                  | mutation]
 11409 | D:9      | Gained mutation: You have sharp fingernails. [potion of
                  | mutation]
 11466 | D:9      | Found a glowing silver altar of Zin.
 11467 | D:9      | Found an iron altar of Okawaru.
 11468 | D:9      | Found a hide-covered altar of Uskayaw.
 11475 | D:9      | Reached XP level 11. HP: 74/74 MP: 12/12
 11483 | D:9      | Noticed a two-headed ogre
 12066 | D:9      | Killed a two-headed ogre
 12638 | D:9      | Found a stormy altar of Qazlal.
 12773 | D:9      | Killed a centaur warrior
 12783 | D:9      | Killed Jabu's ghost
 12826 | D:10     | Entered Level 10 of the Dungeon
 12983 | D:10     | Noticed a two-headed ogre
 12990 | D:10     | Killed a two-headed ogre
 13206 | D:10     | Found a staircase to the Orcish Mines.
 13782 | D:10     | Found a portal to a secret trove of treasure.
 14045 | D:11     | Noticed Fannar
 14076 | D:11     | Killed Fannar
 14076 | D:11     | Reached XP level 12. HP: 47/82 MP: 12/15
 14078 | D:11     | Reached skill level 5 in Invocations
 14516 | D:11     | Killed a death yak
 14955 | D:11     | Noticed Nergalle
 14987 | D:11     | Killed Nergalle
 15853 | D:12     | Noticed an eight-headed hydra
 16062 | D:12     | Killed a one-headed hydra
 16301 | D:12     | Found Viriemnel's Assorted Antiques.
 16822 | D:12     | Noticed a satyr
 16830 | D:12     | Noticed a ghost moth
 16830 | D:12     | a satyr changed into a ghost moth
 16839 | D:12     | Killed a ghost moth
 17079 | D:12     | Reached **** piety under Fedhas
 17140 | D:12     | Reached XP level 13. HP: 33/89 MP: 18/18
 17379 | D:12     | Noticed Jorgrun
 17400 | D:12     | Killed Jorgrun
 18376 | D:13     | Noticed a centaur warrior
 18388 | D:13     | Killed a centaur warrior
 19045 | D:13     | Noticed a centaur warrior
 19049 | D:13     | Killed a centaur warrior
 19221 | D:13     | You fall into a shaft and drop 1 floor!
 19236 | D:14     | Found a gate to the Vaults.
 19236 | D:14     | Noticed a vault guard
 19236 | D:14     | Noticed a vault guard
 19236 | D:14     | Noticed a vault guard
 19236 | D:14     | Noticed a vault guard
 19257 | D:14     | Noticed a centaur warrior
 19366 | D:14     | Killed a vault guard
 19381 | D:14     | Noticed a centaur warrior
 19407 | D:14     | Killed a centaur warrior
 19441 | D:14     | You fall into a shaft and drop 1 floor!
 19441 | D:15     | Entered Level 15 of the Dungeon
 19447 | D:15     | Reached XP level 14. HP: 34/98 MP: 7/20
 19843 | D:15     | Reached skill level 10 in Fighting
 21037 | D:15     | Found a staircase to the Depths.
 22323 | Lair:1   | Entered Level 1 of the Lair of Beasts
 22369 | Lair:1   | Reached skill level 10 in Invocations
 23548 | Lair:2   | Reached skill level 5 in Throwing
 23877 | Lair:2   | Found a staircase to the Swamp.
 24223 | Lair:3   | Found a hole to the Spider Nest.
 24462 | Lair:3   | Reached ***** piety under Fedhas
 25266 | Lair:4   | Reached XP level 15. HP: 80/105 MP: 22/22
 25870 | Lair:4   | Reached skill level 15 in Armour
 26751 | Lair:4   | Lost mutation: Your body sometimes deteriorates upon taking
                  | damage. [potion of mutation]
 26751 | Lair:4   | Lost mutation: You are frail. (-10% HP) [potion of
                  | mutation]
 26751 | Lair:4   | Lost mutation: You have sharp fingernails. [potion of
                  | mutation]
 26751 | Lair:4   | Gained mutation: You are clumsy. (Dex -2) [potion of
                  | mutation]
 26751 | Lair:4   | Gained mutation: You are partially covered in rugged brown
                  | scales. (AC +1, +3% HP) [potion of mutation]
 26751 | Lair:4   | Gained mutation: Your muscles are strong. (Str +2) [potion
                  | of mutation]
 26751 | Lair:4   | Gained mutation: You have sharp fingernails. [potion of
                  | mutation]
 26937 | Lair:5   | Reached skill level 15 in Axes
 28303 | Lair:5   | Reached ****** piety under Fedhas
 28580 | Lair:5   | Learned a level 2 spell: Passwall
 28584 | Lair:5   | Learned a level 3 spell: Regeneration
 28587 | Lair:5   | Learned a level 2 spell: Swiftness
 28591 | Lair:6   | Entered Level 6 of the Lair of Beasts
 30285 | Lair:6   | Reached XP level 16. HP: 85/129 MP: 24/24
 31180 | Lair:6   | Found a burning altar of Makhleb.
 31207 | Lair:6   | Found a gateway to Hell.
 31313 | Lair:6   | Found a staircase to the Slime Pits.
 31942 | Orc:1    | Entered Level 1 of the Orcish Mines
 32524 | Orc:1    | Found a runed translucent door.
 32524 | Orc:1    | Noticed Potutehi's ghost (journeyman DDFi)
 32670 | Orc:2    | Entered Level 2 of the Orcish Mines
 33758 | Orc:2    | Gained mutation: Armour fits poorly on your strangely
                  | shaped body. [a neqoxec]
 33765 | Orc:2    | Gained mutation: You occasionally shout uncontrollably at
                  | your foes. [a neqoxec]
 35364 | Orc:2    | Found Faaph's Assorted Antiques.
 35364 | Orc:2    | Found Nookogon's General Store.
 35366 | Orc:2    | Found Mebuts's Antique Armour Shoppe.
 35366 | Orc:2    | Found Echidow's Magic Scroll Boutique.
 35374 | Orc:2    | Bought a faintly glowing shield for 171 gold pieces
 35379 | Orc:2    | Identified the +3 shield of Uqieramn {Int+4 Dex+4} (You
                  | bought it in a shop on level 2 of the Orcish Mines)
 35382 | Orc:2    | Bought a glowing war axe for 149 gold pieces
 35386 | Orc:2    | Bought an inky potion for 20 gold pieces
 35462 | Orc:2    | Found a staircase to the Elven Halls.
 35600 | Orc:2    | Found a roughly hewn altar of Beogh.
 35881 | Orc:2    | Bought a scroll of brand weapon for 300 gold pieces
 36569 | Orc:1    | Reached skill level 1 in Shields
 36838 | Spider:1 | Entered Level 1 of the Spider Nest
 37376 | Spider:1 | Noticed Kirke
 37387 | Spider:1 | Killed Kirke
 37998 | Spider:1 | Reached XP level 17. HP: 94/136 MP: 26/26
 39763 | Spider:2 | Reached skill level 5 in Shields
 43540 | Spider:4 | Entered Level 4 of the Spider Nest
 44804 | Spider:4 | Reached XP level 18. HP: 146/146 MP: 28/28
 47816 | Spider:4 | Noticed Arachne
 47858 | Spider:4 | Killed Arachne
 48028 | Spider:4 | Got a gossamer rune of Zot
 48501 | Orc:2    | Bought a pitted buckler for 171 gold pieces
 48501 | Orc:2    | Identified the +4 buckler "Kareum" {*Contam Dex+10 Slay+2
                  | Stlth-} (You bought it in a shop on level 2 of the Orcish
                  | Mines)
 48960 | D:14     | You fall into a shaft and drop 1 floor!
 50045 | Vaults:1 | Entered Level 1 of the Vaults
 50097 | Vaults:1 | Reached XP level 19. HP: 135/153 MP: 24/29
 51123 | Vaults:1 | Found a runed translucent gate.
 51124 | Vaults:1 | Noticed cheonsa's ghost (adept HOFi)
 51125 | Vaults:1 | Found a runed translucent gate.
 51125 | Vaults:1 | Found a runed translucent gate.
 51276 | Vaults:1 | Killed cheonsa's ghost
 51566 | Vaults:1 | Got a pair of ichor-stained boots
 51567 | Vaults:1 | Identified the +2 pair of boots "Vuxon" {rPois Int+2} (You
                  | found it on level 1 of the Vaults)
 52614 | Vaults:2 | Reached skill level 5 in Dodging
 52695 | Vaults:2 | Reached XP level 20. HP: 139/164 MP: 26/30
 53019 | Vaults:2 | HP: 3/164 [fire dragon/blast of flame (13)]
 53026 | Vaults:2 | You fall into a shaft and drop 1 floor!
 53623 | Vaults:3 | Reached skill level 10 in Throwing
 53631 | Vaults:3 | Reached skill level 1 in Charms
 53709 | Vaults:3 | Reached skill level 1 in Air Magic
 53728 | Vaults:3 | Reached skill level 15 in Fighting
 54288 | Vaults:2 | Reached skill level 1 in Spellcasting
 54714 | Vaults:2 | Noticed an Ice Fiend
 54716 | Vaults:2 | Noticed a Hell Sentinel
 55680 | Vaults:2 | Reached XP level 21. HP: 167/175 MP: 32/32
 56334 | Vaults:3 | Got an ichor-stained plate armour
 56335 | Vaults:3 | Identified a scroll of acquirement
 56336 | Vaults:3 | Identified the cursed +0 plate armour of Miracles {Dex+4}
                  | (You found it on level 3 of the Vaults)
 56341 | Vaults:3 | Got a pair of faintly humming gloves
 56342 | Vaults:3 | Identified the -4 pair of gloves of the First Scars {rN+}
                  | (You acquired it on level 3 of the Vaults)
 56586 | Orc:2    | Bought a +1 pair of gloves of dexterity for 247 gold pieces
 56586 | Orc:2    | Bought a scroll of summoning for 142 gold pieces
 56680 | Orc:1    | Killed Potutehi's ghost
 56693 | Orc:1    | Identified the +3 hunting sling of Deflation {flame, Int+4}
                  | (You found it on level 1 of the Orcish Mines)
 57289 | Vaults:3 | Found a staircase to the Crypt.
 57515 | Vaults:4 | Reached skill level 15 in Invocations
 58012 | Vaults:4 | Noticed an ancient lich
 58032 | Vaults:4 | Killed an ancient lich
 59341 | Orc:2    | Bought a scroll of enchant weapon for 112 gold pieces
 59341 | Orc:2    | Bought a scroll of enchant weapon for 112 gold pieces
 59628 | Vaults:3 | Reached XP level 22. HP: 181/186 MP: 33/33
 60865 | Vaults:4 | Gained mutation: You sometimes yell uncontrollably at your
                  | foes. [a shining eye]
 60907 | Vaults:4 | Killed from afar by a wind drake (shapeshifter)

Levels and vault maps discovered:
D:1:      saegor_arrival_simple_c, layout_basic, corexii_item_surrounded_by_moat
D:2:      layout_rooms, nicolae_overflow_crystal_walls,
          minmay_misc_feat_diagonals, minmay_domino_2
D:3:      layout_rooms, fedhas_altar_3
D:4:      layout_rooms, kennysheep_little_box, elyvilon_altar_4,
          minmay_temple_entry_glassed_door, first_ration, glass_columns_b,
          grunt_ministairs_10
D:5:      layout_loops_corners
D:6:      layout_basic
D:7:      layout_basic, uniq_menkaure
D:8:      layout_cave_pools, bloody_makhleb, dpeg_lair_monsters,
          kennysheep_minor_cross, uniq_pikel, uniq_maurice, uniq_prince_ribbit1
D:9:      layout_basic, chequers_temple_overflow_statue_of_worship, serial_ice,
          serial_ice_m, serial_ice_n, serial_ice_c, serial_ice_l, basic_altar,
          ebering_ghost_gozag, serial_shops, nicolae_shop_statue_plus
D:10:     layout_roguey, orc_0_dummy, enter_trove_0, hangedman_fish_farm,
          corexii_corridor_pit
D:11:     layout_layer_cave, uniq_nergalle, uniq_fannar
D:12:     layout_grid_maze, serial_shops, nicolae_shop_stone,
          minmay_pinched_square, uniq_jorgrun
D:13:     layout_irregular_city, lemuel_flamethrower_3
D:14:     layout_irregular_city, lightli_vaults_fourway_checkpoint,
          portal_ice_cave_entry_pillars_2, chequers_serial_rivers_room_b
D:15:     gammafunk_depths_entry_grave, layout_basic, minmay_misc_feat_rugged,
          chequers_serial_rivers_micro_a, corexii_corridor_pit
Lair:1:   wander_river, layout_chaotic_city, beast_lair_carwin_4
Lair:2:   layout_hall_layers, minmay_swamp_entry_worms,
          chequers_serial_rivers_room_a
Lair:3:   layout_small_grid, nicolae_spider_entry_non_spiders, minivault_23,
          serial_bayou_pond_d, infiniplex_staircase_pool_2, grunt_megastairs_5
Lair:4:   regret_index_bee_streams, layout_gridlike, serial_bayou_shore_a
Lair:5:   mu_elephants_graveyard, layout_loops_ring, bh_autumn_forest_stairs,
          st_stairs_8
Lair:6:   evil_forest, layout_regular_city, slime_dummy,
          chequers_serial_rivers_micro_a, st_stairs_4, minmay_lair_oklob_bushes,
          chequers_serial_rivers_micro_b
Spider:1: layout_spider_delve, guppyfry_hornet_nest, uniq_kirke
Spider:2: layout_chambers, einodemon_crawler_minivault,
          nicolae_spider_cling_halls
Spider:3: mumra_spider_spiderweb, nicolae_spider_stair_cavern
Spider:4: grunt_spider_rune_circles, zaba_antful_of_joy, uniq_arachne
Orc:1:    layout_diamond_mine, ebering_ghost_inner_flame
Orc:2:    grunt_orc_tribal_feast, layout_diamond_mine, mines1_david
Vaults:1: gammafunk_vaults_ghost_spectres, vaults_mumra_chevron,
          nicolae_vaults_alarming, vaults_dpeg_encased_lava,
          ontoclasm_vaults_ring_small, v_rooms_4, vaults_room_corners,
          serial_ice_h, ontoclasm_vaults_chip, layout_vaults_omnigrid
Vaults:2: ontoclasm_vaults_bender, vaults_standard_mumra_enter_the_diamond,
          vaults_room_ringed_pool, ontoclasm_vaults_loading_screen,
          hangedman_vaults_restitches, ontoclasm_vaults_twist,
          hangedman_vaults_slice, v_rooms_1, nicolae_vaults_big_ls,
          nicolae_vaults_diagonal_hallway_6, nicolae_vaults_border_crossing,
          vaults_dpeg_ring, layout_vaults_omnicross
Vaults:3: nicolae_vaults_halls_meeting, minmay_crypt_entry_simple_sparse,
          vaults_room_fancy_cross, nicolae_vaults_mini_display_case,
          vaults_standard_mumra_enter_the_diamond,
          nicolae_vaults_network_periphery, v_pattern_5, ontoclasm_vaults_tryst,
          ontoclasm_vaults_gateway, layout_vaults_big_room
Vaults:4: v_misc_24, ontoclasm_vaults_hangar, hangedman_vaults_corner_blocks,
          nicolae_vaults_yaktaur_gun_rack, st_quartered_hall,
          nicolae_vaults_hallways_thing, grunt_vaults_trifunnel,
          vaults_room_corners, vaults_room_stairs_pillars, layout_vaults_ring

Skill      XL: |  1  2  3  4  5  6  7  8  9 10 11 12 13 14 15 16 17 18 19 20 21 |
---------------+----------------------------------------------------------------+-----
Armour         | 1 2 3 4 5 6 9 10 11 12 13 14 15 16 17 18 | 18.7
Throwing       | 1 2 3 4 5 6 7 8 9 10 11 | 11.3
Crossbows      | 5 |  5.0
Fighting       | 3 4 5 6 7 8 9 10 11 12 13 14 15 17 | 17.2
Axes           | 2 4 6 9 10 11 12 13 14 15 16 17 18 | 18.8
Invocations    | 1 4 6 8 10 11 12 13 14 15 | 15.3
Shields        | 3 6 8 9 |  9.3
Dodging        | 2 5 6 7 |  7.5
Charms         | 3 4 |  4.6
Air Magic      | 2 3 |  3.8
Spellcasting   | 2 4 |  4.0
Short Blades   | |  0.2
Stealth        | |  1.2
Evocations     | |  0.7

Action                   |  1- 3 |  4- 6 |  7- 9 | 10-12 | 13-15 | 16-18 | 19-21 | 22-24 || total
-------------------------+-------+-------+-------+-------+-------+-------+-------+-------++-------
Melee: Short sword       |    92 |   178 |       |       |       |       |       |       ||   270
       War axe           |       |    93 |   278 |   586 |  1140 |   282 |       |       ||  2379
       Broad axe         |       |       |       |       |       |   927 |   899 |       ||  1826
       Battleaxe         |       |       |       |       |       |       |    50 |   100 ||   150
 Fire: Hand crossbow     |       |    11 |       |       |       |       |       |       ||    11
Throw: Dart              |    13 |    36 |     9 |    30 |    73 |   268 |     3 |       ||   432
       Throwing net      |       |       |     1 |       |       |     2 |       |       ||     3
       Boomerang         |       |       |       |       |   121 |   131 |    20 |    13 ||   285
       Javelin           |       |       |       |       |       |       |     4 |       ||     4
Invok: Grow Ballistomyce |       |       |       |     4 |     7 |     9 |    12 |       ||    32
       Wall of Briars    |       |       |       |     2 |     1 |     1 |       |       ||     4
       Overgrow          |       |       |       |       |     1 |       |     1 |       ||     2
       Grow Oklob        |       |       |       |       |       |       |     3 |       ||     3
 Abil: Shaft Self        |       |       |       |       |     1 |       |     1 |       ||     2
       Evoke Flight      |       |       |       |       |       |     4 |       |       ||     4
Evoke: Wand              |       |       |       |       |     3 |     1 |     3 |       ||     7
       Box of beasts     |       |       |       |       |       |     1 |       |       ||     1
  Use: Potion            |       |     4 |     1 |     8 |     5 |     1 |     6 |       ||    25
       Scroll            |       |       |     7 |    16 |     9 |    11 |    11 |       ||    54
 Stab: Confused          |       |       |       |     4 |     3 |     5 |    19 |       ||    31
       Invisible         |       |       |       |     3 |       |       |       |       ||     3
       Distracted        |       |       |       |       |       |     1 |     4 |       ||     5
       Held in net/web   |       |       |       |       |       |     1 |       |       ||     1
  Eat: Chunk             |     2 |     9 |    14 |    23 |    37 |    48 |    22 |       ||   155
       Ration            |       |       |     1 |     1 |     2 |     5 |     5 |       ||    14
Armor: Ring mail         |    36 |    76 |       |       |       |       |       |       ||   112
       Leather armour    |     2 |       |       |       |       |       |       |       ||     2
       Chain mail        |       |    66 |    92 |    37 |       |       |       |       ||   195
       Plate armour      |       |       |       |   278 |   609 |   739 |   204 |    15 ||  1845
Dodge: Dodged            |    59 |   214 |   179 |   417 |   462 |   396 |   351 |    31 ||  2109
Block: Other             |       |    11 |    52 |   125 |   144 |    37 |       |       ||   369
       Reflection        |       |       |       |     5 |     9 |     4 |    39 |     3 ||    60
       Shield            |       |       |       |       |       |   888 |       |       ||   888
       Buckler           |       |       |       |       |       |    39 |   460 |    48 ||   547
